AoeStats
← zNyk

Arena

508666957Analyzed
1v1 RM · 9d ago on Sep 23, 2026· 35m 50s· 2 players
Game mode
Random Map
Map size
Tiny (2 player)
Population
200
Speed
Normal
Resources
Standard
Victory
Conquest
Starting age
Dark Age
Ending age
Imperial Age
RankedLock teamsTeams togetherTeam positionsShared explorationLock speedFull tech treeHidden civsTurbo modeCheats
Victory
Defeat
🇩🇪 Saxons · Germany
1178
+19
🇷🇴 Malians · Romania
1239
-19
zNyk
9:48 Feudal Age
14:53 Castle Age
14:10 Horse Collar
16:27 Double-Bit Axe
19:28 Crossbowman
21:00 Wheelbarrow
20:11 Loom
20:12 Town Watch
20:42 Fletching
20:52 Padded Archer Armor
29:27 Bodkin Arrow
34:02 Devotion
36:34 Imperial Age
35:10 Thumb Ring
35:23 Bow Saw
35:33 Leather Archer Armor
36:16 Ballistics
[VYRE] fango
9:48 Feudal Age
8:06 Loom
13:34 Castle Age
11:34 Double-Bit Axe
11:51 Gold Mining
15:39 Town Watch
17:43 Sanctity
21:51 Redemption
27:20 Imperial Age
25:36 Stone Mining
27:33 Bow Saw
27:09 Horse Collar
27:53 Fletching
28:34 Block Printing
28:46 Illumination
28:39 Bodkin Arrow
30:40 Scale Mail Armor
32:06 Chain Mail Armor
33:18 Conscription
34:15 Forging
35:25 Squires
36:03 Iron Casting
Connection lost

Rejoining the realm…

Still unreachable

The connection could not be restored.

Session expired

The server has moved on; the page needs a fresh start.